 Dungeon Crawl Stone Soup version 0.31.0-11-ge490571c62 (webtiles) character file.

Game seed: 17186359027145152105

130 Goblin1989 the Trooper (level 4, -2/40 HPs)
             Began as a Demonspawn Delver on Feb 10, 2024.
             Slain by a gnoll
             ... wielding a +0 flail of protection
              (10 damage)
             ... on level 3 of the Dungeon.
             The game lasted 00:06:28 (2041 turns).

Goblin1989 the Trooper (Demonspawn Delver)          Turns: 2041, Time: 00:06:28

Health: -2/40      AC:  4    Str: 12    XL:     4   Next: 90%
Magic:  4/4        EV: 14    Int: 10    God:
Gold:   118        SH:  0    Dex: 17    Spells: 3/3 levels left

rFire   . . .        x - +1 short sword (freeze)
rCold   . . .        (no shield)
rNeg    . . .        b - +0 leather armour
rPois   .            (no helmet)
rElec   .            p - +0 cloak
rCorr   .            (no gloves)
SInv    .            (no boots)
Will    .....        (no amulet)
Stlth   +++          (no ring)
HPRegen 0.26/turn    (no ring)
MPRegen 0.09/turn

%: no passive effects
@: no status effects
A: repulsion field 1, ignite blood 1, weakness stinger 1
a: no special abilities


You were on level 3 of the Dungeon.
You visited 1 branch of the dungeon, and saw 5 of its levels.

You collected 118 gold pieces.

Inventory:

Hand Weapons
 a - a +0 short sword
 x - a +1 short sword of freezing (weapon)
Missiles
 q - 24 stones (quivered)
Armour
 b - a +0 leather armour (worn)
 p - a +0 cloak (worn)
Jewellery
 u - an amulet of guardian spirit
Wands
 g - a wand of digging (3) {@v3}
Scrolls
 c - 2 scrolls of fog
 h - 2 scrolls of noise {unknown}
 i - a scroll of poison {unknown}
 j - 3 scrolls of identify {unknown}
 k - a scroll of brand weapon {unknown}
 n - a scroll of fear
 r - a scroll of immolation {unknown}
 s - a scroll of acquirement {unknown}
 t - a scroll of vulnerability {unknown}
 v - a scroll of teleportation {unknown}
Potions
 l - a potion of enlightenment {unknown}
 m - a potion of brilliance {unknown}
 o - 2 potions of curing {unknown}
 w - a potion of degeneration {unknown}


   Skills:
 + Level 5.7 Fighting
 - Level 1.7 Short Blades
 - Level 1.7 Dodging
 - Level 4.5 Stealth


You had 3 spell levels left.
You didn't know any spells.
Your spell library was empty.

Dungeon Overview and Level Annotations

Branches:
Dungeon (5/15) Zot: 25232
 Temple: D:4-7

Altars:

Annotations:
D:3 Grinder


Innate Abilities, Weirdness & Mutations

You are surrounded by a mild repulsion field. (EV +2)
Your demonic aura sometimes causes spilled blood to erupt in flames.
You have a small tail.


Message History

You kill the orc!
You hit the kobold.
You kill the kobold!
q - 24 stones (gained 3)
Items here: )) [ †.
Items here: )) [ †.
x - a +1 short sword of freezing Your +1 short sword of freezing glows with a cold blue light!
x - a +1 short sword of freezing (weapon)
HP restored.
Found a sling.
Health restored: 39 A gnoll comes into view.
It is wielding a +0 flail of protection. 2 gnolls come into view.
Found a falchion.
The gnoll shouts!
The gnoll shouts!
The gnoll closely misses you.
You hit the gnoll. You freeze the gnoll.
Your tail-slap misses the gnoll.
The gnoll is severely wounded.
The gnoll hits you but does no damage.
You completely miss the gnoll.
The gnoll is severely wounded.
The gnoll misses you.
You hit the gnoll. You freeze the gnoll.
You tail-slap the gnoll, but do no damage.
The gnoll is almost dead.
The gnoll hits you with a +0 club.
You take 4 damage, and have 35/39 hp.
You hit the gnoll. You freeze the gnoll.
You kill the gnoll!
You hit the gnoll but do no damage. The gnoll closely misses you.
The gnoll barely misses you.
You hit the gnoll. You freeze the gnoll.
Your tail-slap misses the gnoll.
The gnoll is moderately wounded.
The gnoll hits you from afar with a +0 spear.
The gnoll misses you.
You take 3 damage, and have 33/40 hp.
You barely miss the gnoll.
The gnoll is moderately wounded.
The gnoll hits you with a +0 flail of protection.
The gnoll barely misses you.
You take 2 damage, and have 31/40 hp.
You barely miss the gnoll.
The gnoll is moderately wounded.
The gnoll hits you with a +0 flail of protection.
The gnoll hits you from afar with a +0 spear.
You take 9 damage, and have 22/40 hp.
MASSIVE DAMAGE!!
You are too injured to fight recklessly!
You are too injured to fight recklessly!
You are too injured to fight recklessly!
You are too injured to fight recklessly!
You are too injured to fight recklessly!
You are too injured to fight recklessly!
You are too injured to fight recklessly!
You are too injured to fight recklessly!
You are too injured to fight recklessly!
You are too injured to fight recklessly!
You are too injured to fight recklessly!
You are too injured to fight recklessly!
You are too injured to fight recklessly!
You are too injured to fight recklessly!
You are too injured to fight recklessly!
You are too injured to fight recklessly!
You are too injured to fight recklessly!
You are too injured to fight recklessly!
You are too injured to fight recklessly!
You are too injured to fight recklessly!
You are too injured to fight recklessly!
You are too injured to fight recklessly!
You are too injured to fight recklessly!
You hit the gnoll. You freeze the gnoll.
The gnoll is severely wounded.
The gnoll closely misses you.
You hit the gnoll but do no damage.
Your tail-slap misses the gnoll.
The gnoll is severely wounded.
The gnoll closely misses you.
The gnoll hits you from afar with a +0 spear.
You hit the gnoll but do no damage.
Your tail-slap misses the gnoll.
The gnoll is severely wounded.
The gnoll hits you with a +0 flail of protection!
* * * LOW HITPOINT WARNING * * *
You take 7 damage, and have 15/40 hp.
You hit the gnoll but do no damage.
You tail-slap the gnoll, but do no damage.
The gnoll is severely wounded.
The gnoll closely misses you. The gnoll hits you but does no damage.
You hit the gnoll. You freeze the gnoll.
The gnoll is almost dead.
The gnoll hits you from afar with a +0 spear!
* * * LOW HITPOINT WARNING * * *
The gnoll hits you with a +0 flail of protection.
* * * LOW HITPOINT WARNING * * *
You take 8 damage, and have 7/40 hp.
You barely miss the gnoll.
You tail-slap the gnoll, but do no damage.
The gnoll is almost dead.
The gnoll closely misses you.
The gnoll hits you with a +0 flail of protection!
You die...

·▓ ▓▓▓··▓▓▓███..███▓▓█..▓▓▓
·▓ ▓······▓█......█▓....··▓
·▓▓▓▓······▓▓..g...██..····▓
·▓▓··▓▓······▓█......█▓··..█
▓▓▓·▓▓▓·····▓▓█.....█▓▓··..█
▓▓▓ ▓▓▓··▓▓ ▓▓█..█▓ ▓▓▓..█ █
▓▓▓··▓ ███g.█ ███..▓ ██
▓··▓▓▓ █.g███ █..█▓▓ <██
▓▓▓··▓▓▓███.@██████..███
..██▓······▓█......██......█
...██...···▓█.)....██......█
.....█▓··....██......██....█
..█.██▓··...█▓█.....███....██
..███ ▓▓▓..█▓ ███..██ ███...█
..█▓ ███..▓ ███..█ ███...█
...█ █..█▓▓ █..███ █..██.█
...████..██████..██████..██.█


You could see 2 gnolls.

Vanquished Creatures
  Jessica (D:2)
  Terence (D:2)
  A gnoll (D:3)
  3 adders
  A ribbon worm (D:2)
  2 orcs
  2 ball pythons (D:2)
  3 endoplasms
  2 giant cockroaches (D:1)
  A goblin (D:1)
  4 hobgoblins
  3 jackals (D:4)
  2 quokkas
  6 bats
  3 frilled lizards (D:1)
  6 kobolds
  5 rats
46 creatures vanquished.

Notes
Turn   | Place    | Note
-------+----------+-------------------------------------------
     0 | D:5      | Goblin1989 the Demonspawn Delver began the quest for the
                  | Orb.
     0 | D:5      | Reached XP level 1. HP: 18/18 MP: 1/1
    22 | D:5      | Noticed a black bear
   123 | D:4      | Gained mutation: You are surrounded by a mild repulsion
                  | field. (EV +2) [demonic ancestry]
   123 | D:4      | Reached XP level 2. HP: 25/25 MP: 2/2
   186 | D:3      | Reached skill level 4 in Fighting
   192 | D:3      | Noticed Grinder
   214 | D:3      | Paralysed by Grinder for 3 turns
   321 | D:1      | Gained mutation: Your demonic aura sometimes causes spilled
                  | blood to erupt in flames. [demonic ancestry]
   321 | D:1      | Reached XP level 3. HP: 29/30 MP: 3/3
  1344 | D:2      | Noticed Terence
  1504 | D:2      | Noticed Jessica
  1511 | D:2      | Killed Jessica
  1512 | D:2      | Reached skill level 5 in Fighting
  1512 | D:2      | Gained mutation: You have a small tail. [demonic ancestry]
  1512 | D:2      | Reached XP level 4. HP: 20/39 MP: 4/4
  1644 | D:2      | Killed Terence
  2041 | D:3      | Slain by a gnoll

Illustrated notes

Levels and vault maps discovered:
D:1:      lightli_arrival_noodles, layout_basic, dreamdust_wishing_well
D:2:      layout_rooms, chequers_garden, uniq_terence, uniq_jessica
D:3:      layout_rooms, serial_shops, nicolae_shop_behind_doors,
          nicolae_houndstooth_variations, uniq_grinder
D:4:      layout_cave_pools, minmay_temple_entry_glassed_door, uniq_eustachio
D:5:      layout_basic

Skill      XL: |  1  2  3 |
---------------+----------+-----
Fighting       | 4 5 |  5.7
Short Blades   | |  1.7
Dodging        | |  1.7
Stealth        | |  4.5

Action                     |  1- 3 |  4- 6 || total
---------------------------+-------+-------++-------
  Melee: Short sword       |    96 |    54 ||   150
         Punch             |     2 |     1 ||     3
         Tailslap          |       |    10 ||    10
  Throw: Stone             |     3 |       ||     3
    Use: Scroll            |     2 |       ||     2
         Potion            |     1 |       ||     1
   Stab: Sleeping          |    11 |     1 ||    12
         Distracted        |       |     1 ||     1
 Armour: Leather armour    |    52 |    28 ||    80
  Dodge: Dodged            |    72 |    36 ||   108
